 Dungeon Sprint DCSS version 0.30.1-9-gdf580d7c3d (webtiles) character file.

Game seed: 18062993185571107747

2616 Heoruswealwe the Impaler (level 9, -26/139 HPs)
             Began as a Minotaur Fighter on Sept 26, 2023.
             Was an Initiate of Gozag.
             Hit by a large rock thrown by a cyclops (30 damage)
             ... in the Dungeon (Sprint IX: "|||||||||||||||||||||||||||||").
             The game lasted 00:04:44 (313 turns).

Heoruswealwe the Impaler (Minotaur Fighter)          Turns: 313, Time: 00:04:45

Health: -26/139    AC: 14    Str: 26    XL:     9   Next: 34%
Magic:  8/8        EV:  9    Int:  5    God:    Gozag
Gold:   306        SH:  0    Dex:  9    Spells: 8/8 levels left

rFire   . . .        b - +2 halberd (venom)
rCold   . . .        (shield currently unavailable)
rNeg    . . .        c - +0 chain mail
rPois   .            (helmet restricted)
rElec   .            (no cloak)
rCorr   .            f - +0 pair of gloves
SInv    .            (no boots)
Will    .....        (no amulet) Stlth
                     (no ring)
HPRegen 0.43/turn    (no ring)
MPRegen 0.11/turn

%: no teleportation
@: berserking, gold aura, very quick
A: horns 2, retaliatory headbutt
a: Renounce Religion, Potion Petition, Call Merchant, Bribe Branch


You were in the Dungeon.
You worshipped Gozag.
Gozag was aware of your devotion.
You visited 1 branch You collected 306 gold pieces.

Inventory:

Hand Weapons
 a - a +0 trident
 b - a +2 halberd of venom (weapon)
Armour
 c - a +0 chain mail (worn)
 d - a +0 buckler
 f - a +0 pair of gloves (worn)
Wands
 k - a wand of quicksilver (10)
Scrolls
 j - a scroll of blinking
Potions
 e - 5 potions of curing
 g - a potion of haste
 h - a potion of invisibility
 l - a potion of might


   Skills:
 + Level 13.4 Fighting
 * Level 18.0 Polearms
 + Level 13.4 Armour
 - Level 3.6 Shields


You had 8 spell levels left.
You didn't know any spells.
Your spell library was empty.

Dungeon Overview and Level Annotations

Branches:
Dungeon (1/1)

Altars:
Cheibriados
Dithmenos
Elyvilon
Fedhas
Gozag
Hepliaklqana
Kikubaaqudgha
Makhleb
Nemelex Xobeh
Okawaru
Qazlal
Ru
Sif Muna
Trog
Uskayaw
Vehumet
Wu Jian
Xom
Yredelemnul
Zin
The Shining One
Jiyva
Lugonu


Innate Abilities, Weirdness & Mutations

You have a pair of horns on your head.
You reflexively headbutt those who attack you in melee.


Message History

You closely miss the troll. Your headbutt misses the troll.
You impale the troll!! Your headbutt misses the troll.
The troll is severely wounded.
The boulder beetle leaps!
The troll bites you but does no damage. The troll barely misses you.
The troll claws you but does no damage.
You barely miss the troll.
The troll is severely wounded.
You feel a bit more experienced.
Your Fighting skill increases to level 13!
Your Polearms skill increases to level 17!
Your Armour skill increases to level 13!
You have reached level 9!
Your experience leads to an increase in your attributes!
Increase (S)trength, (I)ntelligence, or (D)exterity?
You feel stronger. x2
You closely miss the troll.
The troll is severely wounded.
The troll misses you. The troll claws you but does no damage.
The troll closely misses you.
You slash the troll!
The troll is almost dead.
You impale the troll!!
You kill the troll!
Your Polearms skill increases to level 18!
Reach: b) +2 halberd (venom)
Press: ? - help, Dir - move target, f - slime creature
Aim: a slime creature (about 15% to evade your +2 halberd of venom)
You reach to attack!
You puncture the slime creature!
The slime creature is moderately wounded.
You puncture the slime creature!
The slime creature is heavily wounded.
You impale the slime creature!!
The slime creature is almost dead.
The slime creature hits you.
* * * LOW HITPOINT WARNING * * *
You slice the slime creature!!
You kill the slime creature!
The cyclops throws a large rock.
The large rock hits you!!
You die...
Your body crumbles into a pile of gold. ▓▓▓▓▓▓▓▓▓▓▓▓▓▓▓▓▓▓▓▓▓▓▓▓▓▓▓▓ ___'!?[..[.=='[.@$.C'$.....+ ▓▓▓▓▓▓▓▓▓▓▓▓▓▓▓▓▓▓▓▓▓▓▓▓▓▓▓▓ $ $ $$ $$$$$ $ $ $ $$$$$

You could see a cyclops.

Vanquished Creatures
  A hydra (D)
  A centaur warrior (D)
  A boulder beetle (D)
  A troll (D)
  A hornet (D)
  A slime creature (D)
  A vampire mosquito (D)
  An orc warrior (D)
  2 killer bees (D)
  A hound (D)
  A jelly (D)
  An orc wizard (D)
  3 adders (D)
  2 endoplasms (D)
  A giant cockroach (D)
  A hobgoblin (D)
  A ball python (D)
21 creatures vanquished.

Notes
Turn   | Place    | Note
-------+----------+-------------------------------------------
     0 | D        | Heoruswealwe the Minotaur Fighter began the quest for the
                  | Orb.
     0 | D        | Reached XP level 1. HP: 19/19 MP: 0/0
     7 | D        | Reached skill level 3 in Polearms
    42 | D        | Noticed a jelly
    42 | D        | Noticed a hound
    45 | D        | Reached skill level 4 in Polearms
    45 | D        | Reached XP level 2. HP: 28/28 MP: 1/1
    51 | D        | Reached skill level 5 in Fighting
    51 | D        | Reached skill level 5 in Polearms
    51 | D        | Reached skill level 5 in Armour
    53 | D        | Reached skill level 6 in Polearms
    53 | D        | Reached XP level 3. HP: 19/37 MP: 2/2
    57 | D        | Reached skill level 7 in Polearms
    57 | D        | Reached XP level 4. HP: 24/45 MP: 3/3
    63 | D        | Found a snail-covered altar of Cheibriados.
    63 | D        | Found a shadowy altar of Dithmenos.
    63 | D        | Found a white marble altar of Elyvilon.
    63 | D        | Found a blossoming altar of Fedhas.
    63 | D        | Found an opulent altar of Gozag.
    64 | D        | Found a hazy altar of Hepliaklqana.
    65 | D        | Found a viscous altar of Jiyva.
    66 | D        | Found an ancient bone altar of Kikubaaqudgha.
    67 | D        | Found a corrupted altar of Lugonu.
    68 | D        | Found a burning altar of Makhleb.
    69 | D        | Found a sparkling altar of Nemelex Xobeh.
    70 | D        | Found an iron altar of Okawaru.
    71 | D        | Became a worshipper of Gozag Ym Sagoz the Greedy
    72 | D        | Found a stormy altar of Qazlal.
    73 | D        | Found a sacrificial altar of Ru.
    74 | D        | Found a shimmering blue altar of Sif Muna.
    75 | D        | Found a bloodstained altar of Trog.
    76 | D        | Found a hide-covered altar of Uskayaw.
    77 | D        | Found a radiant altar of Vehumet.
    78 | D        | Found an ornate altar of the Wu Jian Council.
    79 | D        | Found a shimmering altar of Xom.
    80 | D        | Found a basalt altar of Yredelemnul.
    81 | D        | Found a glowing silver altar of Zin.
    82 | D        | Found a glowing golden altar of the Shining One.
   138 | D        | Noticed an orc warrior
   138 | D        | Noticed a hornet
   138 | D        | Noticed a vampire mosquito
   142 | D        | Killed an orc warrior
   143 | D        | Reached skill level 9 in Polearms
   143 | D        | Reached XP level 5. HP: 43/52 MP: 4/4
   150 | D        | Reached skill level 10 in Polearms
   150 | D        | Paralysed by a hornet for 2 turns
   153 | D        | Killed a hornet
   154 | D        | Reached skill level 12 in Polearms
   154 | D        | Reached XP level 6. HP: 44/63 MP: 5/5
   158 | D        | Killed a vampire mosquito
   159 | D        | Reached XP level 7. HP: 35/71 MP: 6/6
   161 | D        | Reached skill level 13 in Polearms
   162 | D        | Reached skill level 10 in Fighting
   162 | D        | Reached skill level 10 in Armour
   275 | D        | Noticed a centaur warrior
   275 | D        | Noticed a boulder beetle
   275 | D        | Noticed a four-headed hydra
   275 | D        | Noticed a troll
   275 | D        | Noticed a slime creature
   275 | D        | Noticed a cyclops
   282 | D        | Killed a centaur warrior
   283 | D        | Reached skill level 15 in Polearms
   283 | D        | Reached XP level 8. HP: 59/82 MP: 7/7
   300 | D        | HP: 6/123 [eight-headed hydra (9)]
   303 | D        | Killed a ten-headed hydra
   304 | D        | Reached skill level 16 in Polearms
   306 | D        | Killed a boulder beetle
   307 | D        | Reached skill level 17 in Polearms
   307 | D        | Reached XP level 9. HP: 4/93 MP: 8/8
   309 | D        | Killed a troll
   310 | D        | Reached skill level 18 in Polearms
   312 | D        | HP: 4/139 [slime creature (2)]
   313 | D        | Hit by a large rock thrown by a cyclops

Illustrated notes

Levels and vault maps discovered:
D:        linesprint [early_d, line_temple, items_1, d_10, items_2, lair_1,
          lair_end, items_3, orc_1, orc_end, items_4, d_15, swamp_1, shoals_1,
          snake_1, spider_1, d_20, vaults_1, items_5, swamp_end, shoals_end,
          snake_end, spider_end, vaults_end, d_27, items_6, zot_1, zot_end,
          crypt_end, forest_end, elf_end, slime_end, tomb_end, abyss_end,
          pan_hell_end]

Skill      XL: |  1  2  3  4  5  6  7  8  9 |
---------------+----------------------------+-----
Polearms       | 4 6 7 9 12 15 17 18 | 18.0
Fighting       | 4 5 6 7 9 11 13 | 13.4
Armour         | 4 5 6 7 9 11 13 | 13.4
Shields        | |  3.6

Action                     |  1- 3 |  4- 6 |  7- 9 || total
---------------------------+-------+-------+-------++-------
  Melee: Trident           |    24 |       |       ||    24
         Headbutt          |     4 |       |     5 ||     9
         Halberd           |       |    17 |    34 ||    51
    Use: Potion            |       |     1 |     3 ||     4
         Scroll            |       |       |     1 ||     1
 Armour: Scale mail        |     8 |       |       ||     8
         Ring mail         |       |     7 |       ||     7
         Chain mail        |       |       |    14 ||    14
  Dodge: Dodged            |     8 |     8 |    16 ||    32
  Block: Buckler           |     5 |       |       ||     5
